Map: Orbital Shipyard

Players

iNZoLitO

  • Race: Protoss Protoss
  • League: Platinum

Burt - Winner!

  • Race: Terran Terran
  • League: Platinum

VOD

Have the link to the VOD?

Description

Time

  • Played on: Dec. 16, 2015, 12:20 a.m.
  • Length: 6:58
Show
View Real Time Build Order
Export as new Build Order

iNZoLitO Protoss 

Build Orders: Oracle Opening 

Get SALT Encoding   

  12  0:01  Probe (Chrono Boost)  
  13  0:11  Probe (Chrono Boost)  
  14  0:18  Pylon  
  14  0:22  Probe (Chrono Boost)  
  15  0:36  Probe (Chrono Boost)  
  16  0:47  Probe (Chrono Boost)  
  17  1:06  Nexus  
  17  1:10  Probe (Chrono Boost)  
  18  1:17  Gateway  
  18  1:22  Assimilator  
  18  1:23  Probe (Chrono Boost)  
  19  1:35  Probe (Chrono Boost)  
  19  1:37  Assimilator  
  20  1:45  Probe (Chrono Boost)  
  21  1:56  Probe (Chrono Boost)  
  22  2:06  Cybernetics Core, Probe (Chrono Boost)  
  23  2:13  Pylon  
  23  2:18  Probe (Chrono Boost)  
  24  2:27  Probe (Chrono Boost)  
  24  2:28  Probe (Chrono Boost)  
  26  2:37  Probe (Chrono Boost)  
  26  2:39  Probe (Chrono Boost)  
  26  2:43  Assimilator  
  28  2:45  Stalker  
  28  2:48  Probe (Chrono Boost)  
  28  2:49  Probe (Chrono Boost)  
  28  2:50  Stargate  
  33  2:58  Probe (Chrono Boost)  
  33  3:00  Mothership Core (Chrono Boost)  
  35  3:09  Probe (Chrono Boost)  
  36  3:16  Stalker  
  36  3:18  Probe (Chrono Boost)  
  39  3:23  Pylon  
  39  3:29  Probe (Chrono Boost)  
  42  3:36  Oracle (Chrono Boost)  
  42  3:38  Probe  
  42  3:40  Probe  
  45  3:42  Assimilator  
  45  3:44  Pylon  
  45  3:48  Twilight Council  
  45  3:49  Stalker (Chrono Boost), Probe  
  45  3:55  Probe  
  49  4:01  Probe  
  50  4:07  Probe  
  51  4:13  Probe  
  51  4:14  Void Ray (Chrono Boost)  
  56  4:19  Probe  
  57  4:24  Pylon  
  57  4:25  Pylon  
  57  4:28  Probe  
  57  4:30  Blink (Chrono Boost)  
  57  4:31  Probe  
  59  4:32  Stalker  
  61  4:58  Phoenix  
  61  5:03  Stalker  
  61  5:05  Probe  
  66  5:08  Pylon  
  66  5:13  Probe  
  67  5:15  Gateway  
  67  5:20  Pylon  
  67  5:25  Probe  
  68  5:29  Probe  
  68  5:33  Stalker  
  71  5:35  Gateway  
  71  5:38  Probe  
  71  5:41  Probe  
  71  5:42  Templar Archives  
  73  5:51  Gateway  
  73  5:53  Gateway  
  73  5:55  Probe x2  
  73  5:56  Gateway  
  75  6:03  Stalker  
  77  6:07  Probe  
  77  6:08  Probe  
  79  6:15  Stalker  
  81  6:20  Probe x2  
  83  6:36  Probe  
  83  6:39  Forge  
  64  6:49  Pylon  
Show
View Real Time Build Order
Export as new Build Order

Burt Terran - Winner!

Build Orders: MMM Bio 

Get SALT Encoding   

  12  0:01  SCV  
  13  0:13  SCV  
  14  0:18  Supply Depot  
  14  0:25  SCV  
  15  0:39  SCV  
  15  0:41  Barracks  
  16  0:47  Refinery  
  16  0:51  SCV  
  17  1:01  Supply Depot  
  17  1:04  SCV  
  18  1:16  SCV  
  19  1:28  Orbital Command  
  19  1:42  Barracks Tech Lab, Barracks  
  19  1:48  Refinery  
  19  1:54  SCV  
  19  2:01  Marauder  
  22  2:02  Concussive Shells  
  22  2:06  SCV  
  23  2:18  SCV  
  26  2:23  Marauder  
  26  2:30  Barracks Reactor  
  26  2:35  SCV, Factory  
  27  2:39  Engineering Bay  
  27  2:44  Marauder  
  27  2:47  SCV  
  30  2:57  Stimpack  
  30  2:59  SCV  
  31  3:08  Missile Turret  
  31  3:14  Supply Depot  
  31  3:22  Starport  
  31  3:25  Factory Reactor  
  31  3:36  SCV  
  31  3:37  Supply Depot, Marine x3  
  35  3:44  Terran Infantry Weapons Level 1  
  35  3:52  Supply Depot  
  35  3:54  SCV  
  36  3:55  Marine  
  36  3:56  Marine  
  36  4:00  Supply Depot  
  38  4:02  Medivac  
  38  4:07  SCV  
  41  4:13  Marine  
  41  4:14  Marine  
  43  4:19  SCV  
  43  4:22  Marauder  
  46  4:33  Marine x2  
  50  4:43  Marine  
  48  4:57  Combat Shields, Medivac  
  48  4:59  SCV  
  51  5:02  Command Center  
  51  5:04  Supply Depot  
  51  5:05  Marine x3  
  54  5:15  Medivac  
  54  5:18  SCV  
  57  5:23  Marine x3  
  57  5:27  Supply Depot  
  60  5:37  SCV  
  60  5:41  Marine x2  
  60  5:42  Marauder  
  65  5:49  SCV  
  66  5:50  Supply Depot  
  66  6:06  SCV  
  66  6:09  Marine x3  
  66  6:11  Medivac x2  
  70  6:18  SCV  
  73  6:27  Marine x3  
  76  6:33  SCV  
Tags
 
Add a new tag
Caveats
  • Supply blocks, unpowered buildings, or Contaminate may cause inaccurate times.
  • Supply counts are checked every 10 seconds.